 Dungeon Crawl Stone Soup version 0.28-a0-863-g8cecda6153 (webtiles) character file.

Game seed: 17351633240744075691

5 meatgazer the Skirmisher (level 1, -4/18 HPs)
             Began as a Demonspawn Abyssal Knight on Nov 17, 2021.
             Was a Follower of Lugonu.
             Slain by a raiju (6 damage)
             ... on level 1 of the Abyss.
             The game lasted 00:00:15 (64 turns).

meatgazer the Skirmisher (Demonspawn Abyssal Knight)  Turns: 64, Time: 00:00:16

Health: -4/18      AC:  3    Str: 13    XL:     1   Next: 66%
Magic:  2/2        EV: 11    Int: 11    God:    Lugonu [*.....]
Gold:   9          SH:  0    Dex: 13    Spells: 0/0 levels left

rFire   . . .      SeeInvis .   a - +1 spear
rCold   . . .      Faith    .   (no shield)
rNeg    . . .      Spirit   .   b - +0 leather armour
rPois   .          Reflect  .   (no helmet)
rElec   .          Harm     .   (no cloak)
rCorr   .          Rampage  .   (no gloves)
Will    .....                   (no boots)
Stlth   +.........              (no amulet)
HPRegen 0.06/turn               (no ring)
MPRegen 0.08/turn               (no ring)

@: no status effects
A: no striking features
a: Renounce Religion, Depart the Abyss


You were on level 1 of the Abyss.
You worshipped Lugonu.
Lugonu was aware of your devotion.
You visited 0 branches of the dungeon, and saw 0 of its levels.
You visited the Abyss 1 time.

You collected 9 gold pieces.

Inventory:

Hand Weapons
 a - a +1 spear (weapon)
Armour
 b - a +0 leather armour (worn)
 c - a +0 buckler


   Skills:
 + Level 3.2 Fighting
 + Level 1.8 Polearms
 + Level 1.8 Armour
 + Level 0.8 Dodging
 + Level 2.5 Invocations


You couldn't memorise any spells.
You didn't know any spells.
Your spell library was empty.

Dungeon Overview and Level Annotations

Branches:
Dungeon (0/15)

Altars:


Message History

The ufetubus is almost dead.
The ufetubus hits you. The ufetubus closely misses you.
The ufetubus hits you but does no damage.
The ufetubus completely misses you.
You miss the ufetubus.
The ufetubus is almost dead.
The ufetubus barely misses you. The ufetubus misses you.
You hit the ufetubus.
You kill the ufetubus!
The raiju bursts into living lightning!
The living lightning misses you.
The raiju blinks!
The raiju bites you. The raiju shocks you!
* * * LOW HITPOINT WARNING * * *
You hit the raiju.
The raiju is lightly wounded.
The raiju barely misses you.
You hit the raiju.
The raiju is lightly wounded.
The raiju closely misses you.
You hit the raiju.
The raiju is lightly wounded.
The raiju bites you but does no damage.
Your leather armour prevents you from hitting the raiju.
The raiju is lightly wounded.
The raiju bites you but does no damage.
You miss the raiju.
The raiju is lightly wounded.
The raiju bursts into living lightning!
The living lightning hits you.
* * * LOW HITPOINT WARNING * * *
The raiju blinks!
Reach: a) +1 spear
Press: ? - help, Dir - move target, f - raiju
Aim: a raiju (lightly wounded, about 52% to evade your +1 spear)
You reach to attack!
You puncture the raiju!
The raiju is moderately wounded.
You hit the raiju.
The raiju is heavily wounded.
The raiju bites you.
You die...

# ##.
######.#
##...##.#
#.#.##..#
###...##.###
#....#h.#h@#
###..##
#####
####.....#
.#..#.#.#
#.# ..###.
#.###.# ..#
...#.# .##
#.. .## #
#### .


You could see a raiju.

Vanquished Creatures
  An ufetubus (Abyss:1)
1 creature vanquished.

Notes
Turn   | Place    | Note
-------+----------+-------------------------------------------
     0 | Abyss:1  | meatgazer the Demonspawn Abyssal Knight began the quest for
                  | the Orb.
     0 | Abyss:1  | Reached XP level 1. HP: 18/18 MP: 2/2
    45 | Abyss:1  | Noticed a raiju
    64 | Abyss:1  | Slain by a raiju

Illustrated notes

Levels and vault maps discovered:
Abyss:1:  base: Temple, base:
Temple

Action                   || total
-------------------------++-------
Melee: Spear             ||    12
Armor: Leather armour    ||     3
Dodge: Dodged            ||    13

Table legend: (Time is in decaauts)
 A = Elapsed time spent in this place.
 B = Non-inter-level travel time spent in this place.
 C = Inter-level travel time spent in this place.
 D = Time resting spent in this place.
 E = Time spent auto-exploring this place.
 F = Levels seen in this place.
 G = Mean time per level.
                   A        B        C        D        E       F      G
               +--------+--------+--------+--------+--------+-----+--------+
         Total |     64 |     64 |      0 |      0 |     35 |   1 |   64.0 |
         Abyss |     64 |     64 |      0 |      0 |     35 |   1 |   64.0 |
               +--------+--------+--------+--------+--------+-----+--------+

Top non-repeatable levels by time:
 Abyss:1: 64 daAuts
